 Dungeon Crawl Stone Soup version 0.31-a0-876-gfe8ebadbca (webtiles) character file.

Game seed: 1863342843133545901

45 Conn the Sneak (level 3, -1/21 HPs)
             Began as an Octopode Fire Elementalist on Oct 13, 2023.
             Killed from afar by a dart slug (2 damage)
             ... with a slug dart
             ... on level 2 of the Dungeon.
             The game lasted 00:02:28 (1423 turns).

Conn the Sneak (Octopode Fire Elementalist)         Turns: 1423, Time: 00:02:28

Health: -1/21      AC:  1    Str:  7    XL:     3   Next: 64%
Magic:  0/6        EV: 10    Int: 19    God:
Gold:   16         SH:  0    Dex: 12    Spells: 0/6 levels left

rFire   . . .        c - +0 dagger
rCold   + . .        (no shield)
rNeg    . . .        (helmet restricted)
rPois   .            (no amulet)
rElec   .            j - ring of protection from cold
rCorr   .            (no ring)
SInv    .            (no ring)
Will    .....        (no ring)
Stlth   +++          (no ring)
HPRegen 0.23/turn    (no ring)
MPRegen 0.10/turn    (no ring)
                     (no ring)

%: no passive effects
@: lethally poisoned (-1 -> -4), attractive, very slightly contaminated,
constricted
A: almost no armour, amphibious, 8 rings, camouflage 1, gelatinous body 1,
(nimble swimmer 1), tentacles
a: no special abilities


You were on level 2 of the Dungeon.
You visited 1 branch of the dungeon, and saw 2 of its levels.

You collected 16 gold pieces.

Inventory:

Hand Weapons
 c - a +0 dagger (weapon)
Missiles
 g - 5 poisoned darts
Jewellery
 j - a ring of protection from cold (left tentacle)
Scrolls
 b - 3 scrolls of revelation {unknown}
 h - a scroll of enchant armour {unknown}
 i - a scroll of teleportation {unknown}
Potions
 a - a potion of magic
 e - a potion of heal wounds {unknown}
 f - a potion of haste {unknown}


   Skills:
 + Level 2.4 Dodging
 + Level 3.4 Stealth
 + Level 2.3 Spellcasting
 + Level 1.6 Conjurations
 + Level 0.2 Hexes
 + Level 3.3 Fire Magic


You couldn't memorise any spells.
You knew the following spells:

 Your Spells              Type           Power      Damage    Failure   Level
a - Foxfire               Conj/Fire      44%        2x1d6     6%          1
b - Scorch                Fire           28%        2d6       6%          2
c - Inner Flame           Hex/Fire       9%         N/A       24%         3

Your spell library contained the following spells:

 Spells                   Type           Power      Damage    Failure   Level
 Volatile Blastmotes      Fire/Tloc      16%        2d11      24%         3
 Flame Wave               Conj/Fire      11%        2d6       52%         4


Dungeon Overview and Level Annotations

Branches:
Dungeon (2/15)

Altars:


Innate Abilities, Weirdness & Mutations

You cannot wear most types of armour.
You are amphibious.
You can wear up to eight rings at the same time.
Your skin changes colour to match your surroundings (Stealth+).
Your rubbery body absorbs attacks. (AC +1, EV +1)
((You are camouflaged when in or above water. (Stealth+)))
You have tentacles for arms and can constrict up to eight enemies at once.


Message History

The dart slug launches a dart at you. The slug dart hits you.
The adder barely misses you. The ball python bites you.
The ball python grabs you. The ball python constricts you.
Casting: Foxfire (safe; 6% risk of failure)
Confirm with . or Enter, or press ? or * to list all spells.
You don't have enough magic to cast this spell.
Unknown command.
You hit the adder but do no damage. Your grab misses the adder.
The adder is severely wounded.
The adder bites you.
You are poisoned.
The adder poisons you! The ball python misses you.
The ball python constricts you. The dart slug launches a dart at you.
The slug dart hits you.
Unknown command.
Unknown command.
Unknown command.
Unknown command.
Unknown command.
Unknown command.
Okay, then.
Unknown command.
Okay, then.
Unknown command.
Unknown command.
Okay, then.
Unknown command.
Unknown command.
Unknown command.
It was a potion of attraction.
You feel attractive to monsters.
You feel sick. The adder bites you.
* * * LOW HITPOINT WARNING * * *
The ball python bites you.
* * * LOW HITPOINT WARNING * * *
The ball python constricts you. The adder bites you but does no damage.
The dart slug launches a dart at you. The slug dart hits you.
You die...

#### ...######
##### #.......###
#...# #..w...[..
..#.# ###.......#
#...# #.........#..
##.## #.#..........
#.# #.#..@S...# #.#
#.##.#...S...# #.#
#.......###### ##.#
#####.### ...# #.#
#### #†# # #.# ##
##.##
.###########...####


You could see an adder, a dart slug and a ball python.

Vanquished Creatures
  A worm (D:2)
  A ball python (D:1)
  4 endoplasms
  A giant cockroach (D:1)
  6 goblins (D:1)
  4 hobgoblins
  2 quokkas (D:1)
  7 bats
  A frilled lizard (D:1)
  7 kobolds
  3 rats (D:1)
37 creatures vanquished.

Vanquished Creatures (others)
  84 foxfires
84 creatures vanquished.

Grand Total: 121 creatures vanquished

Notes
Turn   | Place    | Note
-------+----------+-------------------------------------------
     0 | D:1      | Conn the Octopode Fire Elementalist began the quest for the
                  | Orb.
     0 | D:1      | Reached XP level 1. HP: 11/11 MP: 3/3
   272 | D:1      | Reached XP level 2. HP: 17/17 MP: 5/5
   288 | D:1      | Learned a level 2 spell: Scorch
   666 | D:1      | Reached XP level 3. HP: 13/21 MP: 4/6
   670 | D:1      | Learned a level 3 spell: Inner Flame
  1423 | D:2      | HP: 1/21 [ball python (2)]
  1423 | D:2      | Killed from afar by a dart slug

Illustrated notes

Levels and vault maps discovered:
D:1:      eino_arrival_cavern_a, layout_rooms, bh_walls_and_bars
D:2:      layout_loops_corners, minmay_rat_hole

Skill      XL: |  1  2 |
---------------+-------+-----
Stealth        | 3 |  3.4
Dodging        | |  2.4
Spellcasting   | |  2.3
Conjurations   | |  1.6
Hexes          | |  0.2
Fire Magic     | |  3.3

Action                     || total
---------------------------++-------
  Melee: Dagger            ||    35
         Tentacles         ||     7
         Constrict         ||     7
         Punch             ||     1
   Cast: Foxfire           ||    48
    Use: Potion            ||     1
   Stab: Sleeping          ||     5
 Armour: Skin              ||    28
  Dodge: Dodged            ||    24

Table legend: (Time is in decaauts)
 A = Elapsed time spent in this place.
 B = Non-inter-level travel time spent in this place.
 C = Inter-level travel time spent in this place.
 D = Time resting spent in this place.
 E = Time spent auto-exploring this place.
 F = Levels seen in this place.
 G = Mean time per level.
                   A        B        C        D        E       F      G
               +--------+--------+--------+--------+--------+-----+--------+
         Total |   1421 |   1410 |     11 |      0 |   1103 |   2 |  710.5 |
       Dungeon |   1421 |   1410 |     11 |      0 |   1103 |   2 |  710.5 |
               +--------+--------+--------+--------+--------+-----+--------+

Top non-repeatable levels by time:
     D:1: 1032 daAuts
     D:2: 389 daAuts
